 Dungeon Crawl Stone Soup version 0.30-a0-54-g2e61a25929 (webtiles) character file.

Game seed: 7156192627972842541

223 Bikalo the Grave Robber (level 5, -2/28 HPs)
             Began as a Deep Elf Necromancer on Sept 7, 2022.
             Slain by a lemure (5 damage)
             ... led by Pikel
             ... on level 4 of the Dungeon.
             The game lasted 00:07:13 (3813 turns).

Bikalo the Grave Robber (Deep Elf Necromancer)      Turns: 3813, Time: 00:07:13

Health: -2/28      AC:  2    Str:  5    XL:     5   Next: 66%
Magic:  0/14       EV: 12    Int: 22    God:
Gold:   269        SH:  0    Dex: 15    Spells: 10/14 levels left

rFire   + . .      SeeInvis .    (no weapon)
rCold   . . .      Faith    .    (no shield)
rNeg    . . .      Spirit   .    a - +0 robe
rPois   +          Reflect  .    (no helmet)
rElec   .          Harm     .    (no cloak)
rCorr   .          Rampage  .    (no gloves)
Will    .....                    (no boots)
Stlth   ++........               (no amulet)
HPRegen 0.09/turn                c - ring of poison resistance
MPRegen 0.14/turn                g - ring of protection from fire

@: no status effects
A: no striking features
a: no special abilities


You were on level 4 of the Dungeon.
You visited 1 branch of the dungeon, and saw 4 of its levels.

You collected 269 gold pieces.

Inventory:

Armour
 a - a +0 robe (worn)
Jewellery
 c - a ring of poison resistance (left hand)
 g - a ring of protection from fire (right hand)
 u - an amulet of faith
Wands
 s - a wand of charming (10)
Scrolls
 i - 2 scrolls of identify
 j - 2 scrolls of butterflies {unknown}
 l - 3 scrolls of amnesia
 m - 2 scrolls of enchant armour {unknown}
 n - a scroll of fear {unknown}
 o - a scroll of noise {unknown}
 p - a scroll of teleportation
 t - a scroll of magic mapping {unknown}
Potions
 b - a potion of magic
 d - 4 potions of curing
 e - 3 potions of haste {unknown}
 f - 2 potions of degeneration {unknown}
 h - a potion of ambrosia {unknown}
 k - a potion of flight {unknown}
 q - a potion of lignification {unknown}
 v - a potion of heal wounds {unknown}


   Skills:
 - Level 2.4 Dodging
 - Level 2.4 Stealth
 + Level 5.2 Spellcasting
 * Level 7.4 Necromancy


You had 10 spell levels left.
You knew the following spells:

 Your Spells              Type           Power      Damage    Failure   Level
a - Necrotise             Necr           100%       1d9       1%          1
b - Vampiric Draining     Necr           38%        2d8       1%          3

Your spell library contained the following spells:

 Spells                   Type           Power      Damage    Failure   Level
 Animate Dead             Necr           38%        N/A       4%          4
 Agony                    Necr           38%        N/A       13%         5


Dungeon Overview and Level Annotations

Branches:
Dungeon (4/15)             Temple (0/1) D:4

Altars:
Fedhas

Shops:
D:4 *

Annotations:
D:4 Pikel


Message History

You draw life force from Pikel.
You feel life coursing into your body. The lemure hits you but does no damage.
Pikel hits you but does no damage. The lemure hits you but does no damage.
Casting: Vampiric Draining (safe; 1% risk of failure)
Confirm with . or Enter, or press ? or * to list all spells.
Aiming: Necrotise (safe; 1% risk of failure)
Press: ? - help, Shift-Dir - straight line, f/p - Pikel
Aim: Pikel, wielding a +1 whip of freezing, wearing a +0 robe and carrying a wand of polymorph (9) (almost dead, chance to affect: 83%) Pikel writhes in agony.
The lemure hits you but does no damage. Pikel barely misses you.
Casting: Necrotise (safe; 1% risk of failure)
Confirm with . or Enter, or press ? or * to list all spells.
Aiming: Necrotise (safe; 1% risk of failure)
Press: ? - help, Shift-Dir - straight line, f/p - Pikel
Aim: Pikel, wielding a +1 whip of freezing, wearing a +0 robe and carrying a wand of polymorph (9) (almost dead, chance to affect: 83%) Pikel barely resists.
The lemure hits you!
Pikel hits you with a +1 whip of freezing!
Pikel freezes you.
Casting: Necrotise (safe; 1% risk of failure)
Confirm with . or Enter, or press ? or * to list all spells.
Aiming: Necrotise (safe; 1% risk of failure)
Press: ? - help, Shift-Dir - straight line, f/p - Pikel
Aim: Pikel, wielding a +1 whip of freezing, wearing a +0 robe and carrying a wand of polymorph (9) (almost dead, chance to affect: 83%) Pikel barely resists.
The lemure hits you but does no damage. x2
Pikel hits you with a +1 whip of freezing.
Pikel freezes you. The lemure hits you but does no damage.
You barely miss Pikel.
Pikel is almost dead.
The lemure hits you. The lemure hits you but does no damage.
The lemure hits you. Pikel hits you but does no damage.
You barely miss Pikel. You punch Pikel, but do no damage.
Pikel is almost dead.
You feel less wooden.
Your +0 robe unmelds from your body.
The lemure barely misses you. x2
Pikel hits you with a +1 whip of freezing.
* * * LOW HITPOINT WARNING * * *
Pikel freezes you.
* * * LOW HITPOINT WARNING * * *
The lemure hits you.
You die...

###.#...#.................
##.........#............... #
##..##.###..........##......
######..###..#....#.#.......#....
##.....## ##........#.......#....
...####### #......####......##...
.........###................###..
###.####.......55................
# #.####.....#.K@.....#>.........
#..##.........5....##....>.....
#............###.....#####.......
.............# ###...# #.......
#............. .....#####.......
.............## ##...............
########.....# [......#....... .
####### #########...... # ##.....


You could see Pikel and 3 lemures.

Vanquished Creatures
  Blork the orc (D:4)
  An iguana (D:4)
  3 gnolls (D:4)
  3 adders
  A worm (D:4)
  4 orcs
  8 ball pythons
  7 endoplasms
  5 giant cockroaches
  6 goblins
  6 hobgoblins
  5 jackals
  6 kobolds
  A quokka (D:4)
  8 bats
  2 rats (D:1)
67 creatures vanquished.

Vanquished Creatures (collateral kills)
  An endoplasm (D:1)
  A goblin (D:4)
  A hobgoblin (D:1)
3 creatures vanquished.

Grand Total: 70 creatures vanquished

Notes
Turn   | Place    | Note
-------+----------+-------------------------------------------
     0 | D:1      | Bikalo the Deep Elf Necromancer began the quest for the
                  | Orb.
     0 | D:1      | Reached XP level 1. HP: 10/10 MP: 6/6
    96 | D:1      | Reached skill level 5 in Necromancy
   105 | D:1      | Reached XP level 2. HP: 10/15 MP: 1/8
   560 | D:1      | Found a faded altar of an unknown god.
  1275 | D:1      | Reached XP level 3. HP: 14/19 MP: 5/9
  1279 | D:1      | Learned a level 3 spell: Vampiric Draining
  1881 | D:3      | Reached skill level 6 in Necromancy
  2277 | D:3      | Identified the +7 mace "Hedoahom" {vorpal, *Rage rCorr
                  | Int+4 Stlth+}
  2392 | D:3      | Found a blossoming altar of Fedhas.
  2762 | D:4      | Reached XP level 4. HP: 24/24 MP: 8/12
  2961 | D:4      | Noticed Blork the orc
  2961 | D:4      | Found Lumupp's Elemental Accessories.
  2968 | D:4      | Killed Blork the orc
  2969 | D:4      | Reached XP level 5. HP: 25/28 MP: 1/13
  3171 | D:4      | Reached skill level 7 in Necromancy
  3475 | D:4      | Reached skill level 5 in Spellcasting
  3675 | D:4      | Identified the +11 hand axe of Indomitability {holy, rElec
                  | Int+4}
  3688 | D:4      | Noticed a lemure
  3688 | D:4      | Noticed a lemure
  3713 | D:4      | Noticed a lemure
  3713 | D:4      | Noticed a lemure
  3714 | D:4      | Noticed Pikel
  3718 | D:4      | Found a staircase to the Ecumenical Temple.
  3813 | D:4      | Slain by a lemure

Illustrated notes

Levels and vault maps discovered:
D:1:      saegor_arrival_simple_e, layout_basic,
          shapermc_ecumenical_altar_mp_highgroup, minmay_small_reverse_x
D:2:      layout_rooms
D:3:      layout_basic, fedhas_altar_4
D:4:      layout_rooms, lemuel_coloured_pillars_altar,
          minmay_temple_entry_statues, lightli_sewer_entry_pipes,
          nicolae_elemental_shop, uniq_pikel, uniq_blork_the_orc

Skill      XL: |  1  2  3  4  5 |
---------------+----------------+-----
Necromancy     | 5 6 7 |  7.4
Spellcasting   | 4 5 |  5.2
Dodging        | |  2.4
Stealth        | |  2.4

Action                   |  1- 3 |  4- 6 || total
-------------------------+-------+-------++-------
Melee: Unarmed           |     6 |    10 ||    16
       Punch             |       |     2 ||     2
 Cast: Necrotise         |    72 |    54 ||   126
       Vampiric Draining |     1 |     4 ||     5
  Use: Scroll            |       |     6 ||     6
       Potion            |       |     1 ||     1
Armor: Robe              |     6 |     4 ||    10
       Skin              |       |    18 ||    18
Dodge: Dodged            |    13 |    30 ||    43

Table legend: (Time is in decaauts)
 A = Elapsed time spent in this place.
 B = Non-inter-level travel time spent in this place.
 C = Inter-level travel time spent in this place.
 D = Time resting spent in this place.
 E = Time spent auto-exploring this place.
 F = Levels seen in this place.
 G = Mean time per level.
                   A        B        C        D        E       F      G
               +--------+--------+--------+--------+--------+-----+--------+
         Total |   3812 |   3730 |     82 |    609 |   2709 |   4 |  953.0 |
       Dungeon |   3812 |   3730 |     82 |    609 |   2709 |   4 |  953.0 |
               +--------+--------+--------+--------+--------+-----+--------+

Top non-repeatable levels by time:
     D:1: 1446 daAuts
     D:3: 1297 daAuts
     D:4: 675 daAuts
     D:2: 392 daAuts
